 Dungeon Crawl Stone Soup version 0.30-a0-800-g7c544603b3 (webtiles) character file.

Game seed: 16959566991673651417

37 oldriver the Shooter (level 3, -1/29 HPs)
             Began as a Meteoran Hunter on Feb 22, 2023.
             Succumbed to Sigmund's poison
             ... on level 2 of the Dungeon.
             The game lasted 00:02:26 (418 turns).

oldriver the Shooter (Meteoran Hunter)               Turns: 418, Time: 00:02:26

Health: -1/29      AC:  3    Str: 13    XL:     3   Next: 85%
Magic:  4/4        EV: 12    Int: 10    God:
Gold:   52         SH:  0    Dex: 19    Spells: 2/2 levels left

rFire   . . .      SeeInvis .    a - +0 shortbow
rCold   . . .      Faith    .    (shield currently unavailable)
rNeg    . . .      Spirit   .    c - +0 leather armour
rPois   .          Reflect  .    (no helmet)
rElec   .          Harm     .    (no cloak)
rCorr   .          Rampage  .    (no gloves)
Will    .....                    (no boots)
Stlth   +                        (no amulet)
HPRegen 0.24/turn                i - ring of wizardry
MPRegen 0.09/turn                (no ring)

@: mighty, brilliant, lethally poisoned (-1 -> -25), glowing
A: sense surroundings 1, otherworldly, glowing, explore regen
a: no special abilities


You were on level 2 of the Dungeon.
You visited 1 branch of the dungeon, and saw 2 of its levels.

You collected 52 gold pieces.

Inventory:

Hand Weapons
 a - a +0 shortbow (weapon)
 b - a +2 dagger of protection
 d - a +0 sling
Missiles
 j - 3 atropa-tipped darts
Armour
 c - a +0 leather armour (worn)
Jewellery
 f - an amulet of faith
 i - a ring of wizardry (left hand)
Scrolls
 m - a scroll of immolation
Potions
 e - a potion of might
 k - 2 potions of mutation


   Skills:
 - Level 2.1 Fighting
 * Level 5.6 Ranged Weapons
 - Level 2.4 Dodging
 - Level 0.6 Stealth


You had 2 spell levels left.
You didn't know any spells.
Your spell library was empty.

Dungeon Overview and Level Annotations

Branches:
Dungeon (2/15) Zot: 764

Altars:

Shops:
D:1 [

Annotations:
D:2 Sigmund


Innate Abilities, Weirdness & Mutations

You passively map a small area around you.
You are easily found by Zot.
You glow in the dark.
You regain HP and MP as you explore.


Message History

It was a potion of ambrosia.
You are more confused.
You feel invigorated. Sigmund gestures at you while chanting.
You are more confused.
You see here a +1 hat.
You closely miss Sigmund.
Sigmund hits you with a +0 scythe of venom.
You are poisoned.
You shoot an arrow.
You feel very sick. Sigmund barely misses you.
You feel less invigorated.
You feel sick. Sigmund barely misses you.
You bump into the rock wall.
You feel sick. Sigmund hits you but does no damage.
You are more poisoned.
You feel very sick.
You bump into the rock wall.
You feel very sick.
Sigmund mumbles some strange words.
Sigmund flickers and vanishes!
Deactivating autopickup; reactivate with Ctrl-A.
Okay, then.
You are too confused!
You feel sick. Something hits you.
You are lethally poisoned!
You see here a +1 hat.
You clumsily bash something.
You feel very sick. Something hits you but does no damage.
You are more poisoned.
Okay, then.
* * * LOW HITPOINT WARNING * * *
You feel very sick. Something hits you.
* * * LOW HITPOINT WARNING * * *
You are more poisoned.
You bump into the rock wall.
You feel less confused.
You die...

*.# #.#
#.#
###.## *
, ....
#..#* * ,
#..# #.{#
#@[# #..#
#..# #..#
* #..#
#..# * ##
#..# *,
..,
#..######
.#**
#........
.#


There were no monsters in sight!

Vanquished Creatures
  An adder (D:2)
  2 endoplasms (D:1)
  2 giant cockroaches
  2 goblins
  2 hobgoblins (D:1)
  5 jackals
  A kobold (D:2)
  2 quokkas (D:1)
  4 ball pythons
  2 bats (D:1)
  A frilled lizard (D:1)
  A rat (D:1)
25 creatures vanquished.

Notes
Turn   | Place    | Note
-------+----------+-------------------------------------------
     0 | D:1      | oldriver the Meteoran Hunter began the quest for the Orb.
     0 | D:1      | Reached XP level 1. HP: 17/17 MP: 2/2
    41 | D:1      | Found Eruh's Armour Shoppe.
    58 | D:1      | Reached XP level 2. HP: 24/24 MP: 3/3
   128 | D:1      | Reached skill level 5 in Ranged Weapons
   173 | D:1      | Reached XP level 3. HP: 23/29 MP: 4/4
   402 | D:2      | Noticed Sigmund
   418 | D:2      | Succumbed to Sigmund's poison

Illustrated notes

Levels and vault maps discovered:
D:1:      evilmike_arrival_crescent, layout_rooms, serial_shops, shop
D:2:      layout_basic, dreamdust_ecumenical_altar_drowned_temple, uniq_sigmund

Skill      XL: |  1  2 |
---------------+-------+-----
Ranged Weapons | 5 |  5.6
Fighting       | |  2.1
Dodging        | |  2.4
Stealth        | |  0.6

Action                     || total
---------------------------++-------
  Melee: Shortbow          ||     2
   Fire: Shortbow          ||    60
    Use: Potion            ||     3
         Scroll            ||     2
 Armour: Leather armour    ||     8
  Dodge: Dodged            ||    11

Table legend: (Time is in decaauts)
 A = Elapsed time spent in this place.
 B = Non-inter-level travel time spent in this place.
 C = Inter-level travel time spent in this place.
 D = Time resting spent in this place.
 E = Time spent auto-exploring this place.
 F = Levels seen in this place.
 G = Mean time per level.
                   A        B        C        D        E       F      G
               +--------+--------+--------+--------+--------+-----+--------+
         Total |    435 |    422 |     13 |      0 |      0 |   2 |  217.5 |
       Dungeon |    435 |    422 |     13 |      0 |      0 |   2 |  217.5 |
               +--------+--------+--------+--------+--------+-----+--------+

Top non-repeatable levels by time:
     D:1: 278 daAuts
     D:2: 157 daAuts
